[Event "IIFL Wealth  4th Mumbai Junior U-13"]
[Site "Mumbai"]
[Date "2019.01.01"]
[Round "3"]
[White "Saukhya Savant"]
[Black "Kriti Mayur Patel"]
[Result "0-1"]
[ECO "C77"]
[WhiteElo "1122"]
[BlackElo "1439"]
[Annotator "NA RC"]
[PlyCount "88"]
[EventDate "2018.12.30"]
[EventType "swiss"]
[EventCountry "IND"]
[SourceTitle "playchess.com"]
[Source "ChessBase"]
[SourceQuality "1"]
[TimeControl "40/5400+30:1800+30"]

1. e4 e5 2. Nf3 Nc6 3. Bb5 a6 4. Ba4 Nf6 5. Qe2 b5 6. Bb3 Bc5 7. a4 Rb8 8. c3 d6 9. axb5 axb5 10. h3 O-O 11. O-O h6 12. d3 Be6 13. Bc2 b4 14. c4 Bd4 15. Nbd2 Nh5 16. Nb3 Ng3 17. Qd2 Nxf1 18. Kxf1 Bb6 19. Qe2 f5 20. exf5 Bxf5 21. Be3 Bxe3 22. Qxe3 Qf6 23. Ra6 Ne7 24. c5 Ra8 25. Rxa8 Rxa8 26. cxd6 cxd6 27. Nfd2 d5 28. g4 Be6 29. Qf3 Qxf3 30. Nxf3 Nc6 31. d4 e4 32. Ne5 Nxe5 33. dxe5 Ra2 34. Nd4 Rxb2 35. Nxe6 Rxc2 36. Nd4 Rc4 37. Ne2 b3 38. Ng3 b2 39. Nf5 b1=Q+ 40. Kg2 Rc1 41. Ng3 Rg1+ 42. Kh2 Qe1 43. h4 Qxf2+ 44. Kh3 Qxg3# 0-1

[Event "IIFL Wealth  4th Mumbai Junior U-13"]
[Site "Mumbai"]
[Date "2019.01.01"]
[Round "3"]
[White "Shah, Viraj Bhaveshu"]
[Black "Dande Vyankatesh S"]
[Result "1-0"]
[ECO "C50"]
[WhiteElo "1119"]
[BlackElo "1418"]
[Annotator "NA RC"]
[PlyCount "55"]
[EventDate "2018.12.30"]
[EventType "swiss"]
[EventCountry "IND"]
[SourceTitle "playchess.com"]
[Source "ChessBase"]
[SourceQuality "1"]
[TimeControl "40/5400+30:1800+30"]

1. e4 e5 2. Nf3 Nf6 3. Nc3 Nc6 4. Bc4 Bc5 5. d3 h6 6. O-O d6 7. h3 O-O 8. Ne2 Nh7 9. Be3 Bb6 10. Ng3 Qf6 11. c3 Qg6 12. Qe1 Be6 13. Bb3 Bd7 14. Ba4 Qe6 15. Bd1 g6 16. Rc1 Qe7 17. Rc2 Ng5 18. Nh2 Ne6 19. Ng4 Kg7 20. Rd2 h5 21. Nh2 Kh7 22. Re2 Ng5 23. Kh1 Nxh3 24. gxh3 Bxh3 25. Rg1 h4 26. Ngf1 f5 27. Nf3 Bg4 28. N1h2 1-0

[Event "IIFL Wealth  4th Mumbai Junior U-13"]
[Site "Mumbai"]
[Date "2019.01.01"]
[Round "3"]
[White "Shreyas Ravindra Patil"]
[Black "Amrit Raunak"]
[Result "0-1"]
[ECO "C70"]
[WhiteElo "1110"]
[BlackElo "1410"]
[Annotator "NA RC"]
[PlyCount "125"]
[EventDate "2018.12.30"]
[EventType "swiss"]
[EventCountry "IND"]
[SourceTitle "playchess.com"]
[Source "ChessBase"]
[SourceQuality "1"]
[TimeControl "40/5400+30:1800+30"]

1. e4 e5 2. Nf3 Nc6 3. Bb5 a6 4. Ba4 b5 5. Bb3 Nf6 6. O-O Bc5 7. d3 h6 8. c3 d6 9. d4 exd4 10. cxd4 Bb6 11. e5 dxe5 12. dxe5 Qxd1 13. Bxd1 Nd7 14. Kh1 O-O 15. Bf4 Nc5 16. Be2 Bf5 17. Nc3 Rad8 18. Rad1 Ne6 19. Rxd8 Rxd8 20. Be3 Bxe3 21. fxe3 Bg4 22. Rd1 Rxd1+ 23. Bxd1 Bxf3 24. gxf3 Nxe5 25. f4 Nc4 26. f5 Nd8 27. Bf3 Nxe3 28. Be4 Kf8 29. Kg1 Ke7 30. Kf2 Ng4+ 31. Kg3 Nf6 32. Nd5+ Nxd5 33. Bxd5 Kd6 34. Bb3 f6 35. Kg4 Nc6 36. Kh5 Ne5 37. Be6 Kc5 38. h4 Kd4 39. b4 Kc3 40. Bb3 Kxb4 41. Be6 Kc5 42. Bb3 Kd6 43. Be6 Ke7 44. Bc8 a5 45. Ba6 b4 46. Bc8 c5 47. Be6 c4 48. Bg8 a4 49. Bd5 c3 50. Be4 b3 51. axb3 axb3 52. Bc2 b2 53. Bb1 Nc4 54. Kg6 Kf8 55. h5 Na3 56. Bd3 c2 57. Bxc2 Nxc2 58. Kh7 b1=Q 59. Kh8 Kf7 60. Kh7 Nd4 61. Kh8 Nf3 62. Kh7 Ng5+ 63. Kh8 0-1

[Event "IIFL Wealth  4th Mumbai Junior U-13"]
[Site "Mumbai"]
[Date "2019.01.01"]
[Round "3"]
[White "Arushi Srichandan"]
[Black "Ananya Arumbakkam"]
[Result "1/2-1/2"]
[ECO "C28"]
[WhiteElo "1100"]
[BlackElo "1405"]
[Annotator "NA RC"]
[PlyCount "87"]
[EventDate "2018.12.30"]
[EventType "swiss"]
[EventCountry "IND"]
[SourceTitle "playchess.com"]
[Source "ChessBase"]
[SourceQuality "1"]
[TimeControl "40/5400+30:1800+30"]

1. e4 e5 2. Bc4 Nf6 3. Nc3 Nc6 4. d3 Bc5 5. f4 d6 6. Nf3 Ng4 7. Ng5 O-O 8. h3 Nf6 9. f5 h6 10. Nf3 Na5 11. Bb3 Nxb3 12. axb3 a6 13. g4 d5 14. g5 dxe4 15. gxf6 exf3 16. Qxf3 Qxf6 17. Ne4 Qh4+ 18. Kd1 Be7 19. Rg1 Kh8 20. Be3 Bd7 21. Kd2 Bc6 22. Rg4 Qf6 23. Rag1 Bxe4 24. Qxe4 c6 25. Rxg7 Rg8 26. Rxg8+ Rxg8 27. Rxg8+ Kxg8 28. Qg4+ Kh7 29. Ke2 Qg7 30. Kf3 Bg5 31. Bxg5 Qxg5 32. Ke4 f6 33. Kf3 Kg7 34. h4 Qxg4+ 35. Kxg4 Kf7 36. Kh5 Kg7 37. Kg4 Kf7 38. Kh5 Kg7 39. Kg4 Kf7 40. Kh5 Kg7 41. Kg4 Kf7 42. Kh5 Kg7 43. Kg4 Kf7 44. Kh5 1/2-1/2

[Event "IIFL Wealth  4th Mumbai Junior U-13"]
[Site "Mumbai"]
[Date "2019.01.01"]
[Round "3"]
[White "Bhosale Saarth"]
[Black "Virle Kimaya"]
[Result "0-1"]
[ECO "B78"]
[WhiteElo "1066"]
[BlackElo "1391"]
[Annotator "NA RC"]
[PlyCount "84"]
[EventDate "2018.12.30"]
[EventType "swiss"]
[EventCountry "IND"]
[SourceTitle "playchess.com"]
[Source "ChessBase"]
[SourceQuality "1"]
[TimeControl "40/5400+30:1800+30"]

1. e4 c5 2. Nf3 d6 3. d4 cxd4 4. Nxd4 Nf6 5. Nc3 g6 6. Be3 Bg7 7. f3 O-O 8. Bc4 Nc6 9. Qd2 Bd7 10. O-O-O Rc8 11. Bb3 Nxd4 12. Bxd4 b5 13. h4 a5 14. Bxf6 Bxf6 15. Nd5 Bg7 16. a3 Be6 17. h5 Bxd5 18. Qxd5 Rc5 19. Qxc5 dxc5 20. Rxd8 Rxd8 21. hxg6 hxg6 22. Re1 Be5 23. Bd5 e6 24. Bb3 Bg3 25. Rf1 Bf4+ 26. Kb1 a4 27. Ba2 Bg3 28. Kc1 Bf4+ 29. Kb1 Kg7 30. g4 Kf6 31. b3 axb3 32. cxb3 Ra8 33. b4 c4 34. Kb2 Be5+ 35. Kb1 Rxa3 36. f4 Bd4 37. e5+ Ke7 38. g5 c3 39. Rc1 Be3 40. Rc2 Bxf4 41. Rg2 Bxe5 42. Kc1 Bd6 0-1

[Event "IIFL Wealth  4th Mumbai Junior U-13"]
[Site "Mumbai"]
[Date "2019.01.01"]
[Round "3"]
[White "Ambre Ved"]
[Black "Agarwal Mukund H"]
[Result "0-1"]
[ECO "B72"]
[WhiteElo "1063"]
[BlackElo "1375"]
[Annotator "NA RC"]
[PlyCount "110"]
[EventDate "2018.12.30"]
[EventType "swiss"]
[EventCountry "IND"]
[SourceTitle "playchess.com"]
[Source "ChessBase"]
[SourceQuality "1"]
[TimeControl "40/5400+30:1800+30"]

1. e4 c5 2. Nf3 d6 3. d4 cxd4 4. Nxd4 Nf6 5. Nc3 g6 6. Be3 Bg7 7. g3 O-O 8. f3 Nc6 9. Qd2 d5 10. Nxc6 bxc6 11. O-O-O Be6 12. exd5 Nxd5 13. Nxd5 Bxd5 14. Bg2 Qc7 15. Kb1 Rfd8 16. Qf2 Qa5 17. b3 Rac8 18. Bd4 c5 19. Bxg7 Kxg7 20. c4 Be6 21. f4 Qc3 22. Qb2 Bf5+ 23. Ka1 Qxb2+ 24. Kxb2 Bg4 25. Bb7 Rxd1 26. Rxd1 Rc7 27. Rd5 Rxb7 28. Rxc5 Kf8 29. Rd5 Ke8 30. Kc3 Be6 31. Rd4 Rd7 32. b4 Rxd4 33. Kxd4 Kd7 34. Kc5 Kc7 35. a4 f6 36. a5 Bf7 37. b5 e5 38. Kb4 exf4 39. gxf4 h5 40. c5 g5 41. b6+ axb6 42. axb6+ Kc6 43. fxg5 fxg5 44. Kc3 Bd5 45. Kd4 Bf3 46. Ke3 g4 47. h3 Kxc5 48. hxg4 hxg4 49. Kf4 Kxb6 50. Kg3 Kc5 51. Kf4 Kd4 52. Kg3 Ke3 53. Kh2 Kf4 54. Kg1 Kg3 55. Kf1 Kh2 0-1

[Event "IIFL Wealth  4th Mumbai Junior U-13"]
[Site "Mumbai"]
[Date "2019.01.01"]
[Round "3"]
[White "Sara Mody"]
[Black "Adreeja Sinha"]
[Result "0-1"]
[ECO "B76"]
[WhiteElo "1060"]
[BlackElo "1366"]
[Annotator "NA RC"]
[PlyCount "70"]
[EventDate "2018.12.30"]
[EventType "swiss"]
[EventCountry "IND"]
[SourceTitle "playchess.com"]
[Source "ChessBase"]
[SourceQuality "1"]
[TimeControl "40/5400+30:1800+30"]

1. e4 c5 2. Nf3 d6 3. d4 cxd4 4. Nxd4 Nf6 5. Nc3 g6 6. Be3 Bg7 7. f3 O-O 8. Qd2 Nc6 9. O-O-O Nxd4 10. Bxd4 Be6 11. Kb1 Qc7 12. Nd5 Bxd5 13. exd5 Rfc8 14. h4 Nxd5 15. Bxg7 Kxg7 16. Rc1 Nf6 17. g4 Rh8 18. h5 Qc5 19. Be2 Rac8 20. f4 Ne4 21. Qe1 Qb6 22. Ka1 Nc5 23. Qc3+ f6 24. Qe3 Qc7 25. h6+ Kf8 26. b3 a6 27. Bc4 b5 28. Bd5 Qd7 29. b4 Na4 30. Be6 Rc3 31. Qxc3 Qxe6 32. Qf3 Qc4 33. Qa8+ Kf7 34. Qxh8 Qc3+ 35. Kb1 Qb2# 0-1

[Event "IIFL Wealth  4th Mumbai Junior U-13"]
[Site "Mumbai"]
[Date "2019.01.01"]
[Round "3"]
[White "Sapre Vedang"]
[Black "Shreyas Seshadri Nallore"]
[Result "0-1"]
[ECO "C50"]
[WhiteElo "1049"]
[BlackElo "1343"]
[Annotator "NA RC"]
[PlyCount "72"]
[EventDate "2018.12.30"]
[EventType "swiss"]
[EventCountry "IND"]
[SourceTitle "playchess.com"]
[Source "ChessBase"]
[SourceQuality "1"]
[TimeControl "40/5400+30:1800+30"]

1. e4 e5 2. Nf3 Nc6 3. Bc4 Bc5 4. Nc3 Nf6 5. d3 d6 6. Bg5 Bg4 7. Nd5 Nd4 8. Bxf6 gxf6 9. c3 Nxf3+ 10. gxf3 Be6 11. Rg1 c6 12. Ne3 Bxe3 13. fxe3 Bxc4 14. dxc4 Qd7 15. Qd2 O-O-O 16. O-O-O f5 17. Qd3 fxe4 18. Qxe4 f5 19. Qh4 Qf7 20. b3 Rhg8 21. Qh3 Kc7 22. Kb2 Rg6 23. Rg3 Rdg8 24. Rdg1 R8g7 25. Kc2 f4 26. exf4 Qxf4 27. Rg4 Qf5+ 28. Kb2 h5 29. Rxg6 Qxh3 30. Rxg7+ Kb6 31. Rd1 Qxh2+ 32. Ka3 Qc2 33. Rxd6 Qc1+ 34. Ka4 Kc5 35. Rdd7 b5+ 36. cxb5 cxb5+ {[%emt 0:00:30] Rg3} 0-1

[Event "IIFL Wealth  4th Mumbai Junior U-13"]
[Site "Mumbai"]
[Date "2019.01.01"]
[Round "3"]
[White "Kapadia Prisha"]
[Black "Mitank Maru"]
[Result "0-1"]
[ECO "A80"]
[WhiteElo "1037"]
[BlackElo "1312"]
[Annotator "NA RC"]
[PlyCount "144"]
[EventDate "2018.12.30"]
[EventType "swiss"]
[EventCountry "IND"]
[SourceTitle "playchess.com"]
[Source "ChessBase"]
[SourceQuality "1"]
[TimeControl "40/5400+30:1800+30"]

1. d4 f5 2. Nf3 e6 3. g3 Nf6 4. Bg2 Be7 5. O-O O-O 6. b3 d5 7. Bb2 c6 8. Nbd2 Qe8 9. c4 Qh5 10. e3 g5 11. Ne5 Qh6 12. Qe2 Nbd7 13. Ndf3 g4 14. Nxd7 Bxd7 15. Ne5 Be8 16. Rfd1 Nd7 17. Rac1 Rf6 18. f3 gxf3 19. Bxf3 Nxe5 20. dxe5 Rg6 21. cxd5 cxd5 22. Rc7 Rg7 23. Rdc1 Bc6 24. Bd4 Kf8 25. Rc2 Ke8 26. Bc5 Bxc5 27. Rxg7 Bxe3+ 28. Kh1 Qxg7 29. Qxe3 Kf7 30. Bh5+ Kg8 31. Kg1 Rf8 32. Rf2 Kh8 33. Qf4 Rg8 34. Bf3 Qd7 35. Qh6 Qf7 36. Qf4 Rd8 37. Qd4 Qg7 38. Qh4 Rd7 39. Qd4 Qg5 40. Rf1 Kg8 41. Re1 b6 42. Bg2 Qe7 43. Rc1 Bb7 44. Kh1 Rc7 45. Rxc7 Qxc7 46. Qf4 Qg7 47. Qd4 Qe7 48. Qf4 Kg7 49. Qd4 Qc5 50. Qf4 h6 51. g4 Qc2 52. gxf5 Qb1+ 53. Bf1 Qxf5 54. Qxf5 exf5 55. Bg2 Kf7 56. Kg1 Ke6 57. Kf2 Kxe5 58. Ke3 d4+ 59. Kf2 Bxg2 60. Kxg2 d3 61. Kf2 Kd4 62. h4 Kc3 63. h5 d2 64. Ke2 Kc2 65. Ke3 d1=Q 66. Kf4 Qd3 67. b4 Qe4+ 68. Kg3 f4+ 69. Kf2 Qe3+ 70. Kg2 f3+ 71. Kf1 Qe2+ 72. Kg1 Qg2# 0-1

[Event "IIFL Wealth  4th Mumbai Junior U-13"]
[Site "Mumbai"]
[Date "2019.01.01"]
[Round "3"]
[White "Vihaan Dumir"]
[Black "Wahba, David George"]
[Result "0-1"]
[ECO "A37"]
[WhiteElo "1013"]
[BlackElo "1295"]
[Annotator "NA RC"]
[PlyCount "96"]
[EventDate "2018.12.30"]
[EventType "swiss"]
[EventCountry "IND"]
[SourceTitle "playchess.com"]
[Source "ChessBase"]
[SourceQuality "1"]
[TimeControl "40/5400+30:1800+30"]

1. c4 c5 2. Nc3 Nc6 3. g3 g6 4. Bg2 Bg7 5. Nf3 e6 6. d3 d6 7. O-O Nge7 8. Bf4 O-O 9. Qc1 Re8 10. Ne4 Nf5 11. g4 Nfd4 12. Bh6 Nxe2+ 13. Kh1 Nxc1 14. Bxc1 Nd4 15. Ne1 e5 16. g5 Bf5 17. Nc3 Rb8 18. Be3 Qd7 19. Rg1 Bh3 20. Be4 Nf5 21. Bd2 a6 22. a4 Nd4 23. Be3 b5 24. axb5 axb5 25. Bxd4 b4 26. Nb5 exd4 27. Ra7 Qd8 28. Bc6 Re7 29. Ra6 Bd7 30. Bd5 Bxb5 31. cxb5 Rxb5 32. Ra8 Rb8 33. Ra6 Re5 34. Be4 Rxg5 35. Ng2 d5 36. Bf3 Rb6 37. Ra7 Qf6 38. Ne1 Rxg1+ 39. Kxg1 Qg5+ 40. Kf1 Rf6 41. Ra1 Qh4 42. Kg1 Bf8 43. Kg2 Bd6 44. h3 Rf5 45. Kf1 Qxh3+ 46. Ke2 Re5+ 47. Kd1 Rxe1+ 48. Kxe1 Qxf3 0-1

[Event "IIFL Wealth  4th Mumbai Junior U-13"]
[Site "Mumbai"]
[Date "2019.01.01"]
[Round "3"]
[White "Vittanala Shanmuk Saish"]
[Black "Srivatsan Karthikeyan"]
[Result "0-1"]
[ECO "C77"]
[WhiteElo "1005"]
[BlackElo "1288"]
[Annotator "NA RC"]
[PlyCount "90"]
[EventDate "2018.12.30"]
[EventType "swiss"]
[EventCountry "IND"]
[SourceTitle "playchess.com"]
[Source "ChessBase"]
[SourceQuality "1"]
[TimeControl "40/5400+30:1800+30"]

1. e4 e5 2. Nf3 Nc6 3. Bb5 a6 4. Ba4 Nf6 5. Bxc6 dxc6 6. d3 Bd6 7. Nbd2 Bg4 8. Nf1 h6 9. Ng3 Qe7 10. h3 Bd7 11. O-O O-O-O 12. Be3 g5 13. Nh2 Rdg8 14. d4 h5 15. Nf5 Bxf5 16. exf5 e4 17. c4 Qd7 18. c5 Bxh2+ 19. Kxh2 Qxf5 20. b4 g4 21. h4 Qd5 22. Qd2 Qf5 23. Bf4 Nd5 24. Bg3 Re8 25. a4 Qe6 26. b5 axb5 27. axb5 f5 28. bxc6 bxc6 29. Ra8+ Kd7 30. Rxe8 Rxe8 31. Be5 Qf7 32. f3 e3 33. Qe2 Qg6 34. f4 Rb8 35. g3 Qe6 36. Kg1 Rb3 37. Ra1 Nc3 38. Qxe3 Ne4 39. Qe1 Rxg3+ 40. Kh1 Qd5 41. Kh2 Rh3+ 42. Kg1 Ng3 43. Qd1 Qh1+ 44. Kf2 Rh2+ 45. Ke3 Qe4# 0-1